 Dungeon Crawl Stone Soup version 0.27.1-33-g824d729ab1 (webtiles) character file.

Game seed: 3951537484756495150

50636 zeram the Severer (level 14, -1/193 HPs)
             Began as a Hill Orc Fighter on Dec 8, 2021.
             Was the Champion of Qazlal.
             Succumbed to Aizul's bolt of poison
             ... on level 1 of the Snake Pit.
             The game lasted 00:32:32 (15122 turns).

zeram the Severer (Hill Orc Fighter)               Turns: 15122, Time: 00:32:32

Health: -1/193     AC: 21    Str: 36    XL:     14   Next: 56%
Magic:  14/14      EV: 10    Int: 17    God:    Qazlal [******]
Gold:   1756       SH: 26    Dex: 18    Spells: 13/13 levels left

rFire    . . .     SeeInvis +   e - +6 broad axe "Xamiq" {vorpal, Will+ rCorr SInv}
rCold    . . .     Faith    .   c - +3 kite shield
rNeg     . . .     Spirit   .   L - +0 plate armour
rPois    .         Reflect  .   (no helmet)
rElec    .         Harm     .   (no cloak)
rCorr    +         Rampage  .   B - +1 pair of gloves of Etzixkem {rCorr Int+5 Dex+4}
Will     +++..                  (no boots)
Stlth    ..........             r - amulet of Idealism {Will+ Regen+ Int+4 Dex+4}
HPRegen  1.42/turn              q - +6 ring of strength
MPRegen  0.14/turn              g - +6 ring of strength

@: berserking (expiring), lethally poisoned (-1 -> -25), protected from physical
damage, studying Armour, repel missiles, very quick
A: no striking features
a: Renounce Religion, Upheaval, Elemental Force, Disaster Area


You were on level 1 of the Snake Pit.
You worshipped Qazlal.
Qazlal was exalted by your worship.
You visited 4 branches of the dungeon, and saw 18 of its levels.

You collected 1756 gold pieces.

Inventory:

Hand Weapons
 e - the +6 broad axe "Xamiq" (weapon) {vorpal, Will+ rCorr SInv}
   (You acquired it on level 4 of the Dungeon)

   It inflicts extra damage upon your enemies.
   SInv:      It lets you see invisible.
   rCorr:     It protects you from acid and corrosion.
   Will:      It increases your willpower.
 p - a +2 great mace of holy wrath
 H - a +5 vampiric spear
Missiles
 u - 98 poisoned darts (quivered)
Armour
 c - a +3 kite shield (worn)
 B - the +1 pair of gloves of Etzixkem (worn) {rCorr Int+5 Dex+4}
   (You found it on level 7 of the Dungeon)

   Int:       It affects your intelligence (+5).
   Dex:       It affects your dexterity (+4).
   rCorr:     It protects you from acid and corrosion.
 L - a +0 plate armour (worn)
Jewellery
 d - an amulet of faith
 f - a ring of magical power
 g - a +6 ring of strength (right hand)
 j - a ring of protection from cold
 n - a ring of protection from cold
 q - a +6 ring of strength (left hand)
 r - the amulet of Idealism (around neck) {Will+ Regen+ Int+4 Dex+4}
   (You found it on level 5 of the Dungeon)

   [amulet of regeneration]

   Int:       It affects your intelligence (+4).
   Dex:       It affects your dexterity (+4).
   Regen:     It increases your rate of health regeneration.
   Will:      It increases your willpower.
 s - an amulet of regeneration
 t - a ring of protection from cold
 C - an amulet of guardian spirit
Wands
 v - a wand of digging (1)
 w - a wand of acid (31)
 z - a wand of mindburst (12)
 A - a wand of polymorph (14)
 G - a wand of flame (57)
 R - a wand of iceblast (12)
Scrolls
 a - 2 scrolls of holy word
 b - a scroll of blinking
 m - a scroll of teleportation
 o - a scroll of brand weapon
 y - a scroll of fog
 E - 5 scrolls of amnesia
 O - a scroll of fear
Potions
 h - a potion of magic
 i - 3 potions of attraction
 k - 3 potions of curing
 l - a potion of cancellation
 D - a potion of mutation
 F - a potion of might
 J - 2 potions of brilliance
 K - 2 potions of invisibility
 M - 3 potions of flight
 N - 2 potions of berserk rage
 P - a potion of resistance
 Q - a potion of heal wounds {unknown}
 S - a potion of lignification {unknown}
Miscellaneous
 x - a piece from Xom's chessboard (15/15)
 I - a phantom mirror


   Skills:
 + Level 13.0 Fighting
 + Level 18.8 Axes
 + Level 13.0 Armour
 + Level 3.8 Dodging
 + Level 13.7 Shields


You had 13 spell levels left.
You didn't know any spells.
Your spell library contained the following spells:

 Spells                   Type           Power      Damage    Failure   Level
 Animate Skeleton         Necr           0%         N/A       77%         1
 Apportation              Tloc           0%         N/A       77%         1
 Beastly Appendage        Tmut           0%         N/A       77%         1
 Corona                   Hex            0%         N/A       77%         1
 Pain                     Necr           0%         1d4       77%         1
 Summon Small Mammal      Summ           0%         N/A       77%         1
 Corpse Rot               Necr/Air       N/A        N/A       88%         2
 Passwall                 Tmut/Erth      0%         N/A       88%         2
 Wereblood                Tmut           0%         N/A       88%         2
 Ozocubu's Armour         Ice            0%         N/A       98%         3
 Spider Form              Tmut/Pois      0%         N/A       98%         3
 Summon Guardian Golem    Hex/Summ       0%         N/A       98%         3
 Swiftness                Air            0%         N/A       98%         3
 Vampiric Draining        Necr           0%         2d6       98%         3
 Dispel Undead            Necr           0%         3d6       100%        4
 Metabolic Englaciation   Hex/Ice        0%         N/A       100%        5
 Death Channel            Necr           0%         N/A       100%        6
 Invisibility             Hex            0%         N/A       100%        6
 Simulacrum               Ice/Necr       0%         N/A       100%        6
 Orb of Destruction       Conj           0%         N/A       100%        7
 Spellforged Servitor     Conj/Summ      0%         N/A       100%        7


Dungeon Overview and Level Annotations

Branches:
Dungeon (10/15)            Temple (1/1) D:5            Lair (6/6) D:8
  Swamp (0/4) Lair:3        Snake (1/4) Lair:4        Slime (0/5) Lair:6
    Orc: D:9-12

Altars:
Ashenzari
Cheibriados
Dithmenos
Elyvilon
Gozag
Hepliaklqana
Kikubaaqudgha
Makhleb
Nemelex Xobeh
Qazlal
Ru
Sif Muna
Trog
Vehumet
Xom
Yredelemnul
The Shining One
Jiyva
Lugonu

Portals:
Abyss: Lair:6


Message History

Aizul coils herself and waves her upper body at you.
The bolt of poison is repelled.
You miss Aizul.
Aizul is severely wounded.
You feel very sick.
You completely miss Aizul.
Aizul is severely wounded.
You feel sick. Aizul closely misses you.
You slash Aizul!
Aizul is severely wounded.
You feel very sick. Aizul casts a spell at you. The poison arrow hits you!!
You are more poisoned.
* * * LOW HITPOINT WARNING * * *
You are too berserk!
You slice Aizul!!
Aizul is almost dead.
You feel very sick.
You closely miss Aizul.
Aizul is almost dead.
You feel very sick. Aizul casts a spell at you. The bolt of poison hits you!!
You are lethally poisoned!
* * * LOW HITPOINT WARNING * * *
You slice Aizul!!
You kill Aizul!
Qazlal accepts your kill.
* * * LOW HITPOINT WARNING * * *
You feel very sick.
Your Fighting skill increases to level 13!
Your Armour skill increases to level 13!
* * * LOW HITPOINT WARNING * * *
You feel extremely sick.
You are too berserk!
You are too berserk!
Unknown command.
You feel a strong urge to attack something.
You die...

..... .....
......
......
######......
#...○.......
#..§........
#.☼@..°.....
#<....○.....
#.°.........
#§..........
#...........
#...########
...## ....#
.....#


There were no monsters in sight!

Vanquished Creatures
  Aizul (Snake:1)
  5 hydras
  2 catoblepae
  A centaur warrior (D:9)
  A two-headed ogre (D:6)
  3 thrashing horrors (Lair:6)
  Sonja (Lair:1)
  2 bog bodies (Lair:3)
  2 lindwurms (Lair:6)
  2 ugly things (Lair:6)
  5 elephants
  3 black mambas
  A water nymph (shapeshifter) (Lair:6)
  A guardian serpent (Lair:4)
  8 cane toads
  A torpor snail (Lair:3)
  14 komodo dragons
  8 rime drakes
  2 ancient zymes (Lair:6)
  A wind drake (shapeshifter) (Lair:6)
  3 trolls
  Prince Ribbit (D:8)
  A hornet (shapeshifter) (Lair:6)
  A hornet (D:9)
  Grinder (D:6)
  23 blink frogs
  A large abomination (Lair:6)
  2 ynoxinuls (Lair:6)
  A spriggan (Lair:6)
  38 yaks
  5 wyverns
  Grum (D:9)
  6 basilisks (Lair:6)
  2 chaos spawn (Lair:6)
  4 steam dragons
  A swamp worm (Lair:3)
  24 water moccasins
  9 small abominations (Lair:6)
  5 orc warriors
  A hornet zombie (D:6)
  4 black bears
  2 centaurs
  9 ogres
  30 wolves
  A phantom (D:6)
  A kobold brigand (D:6)
  14 bullfrogs
  A wyvern zombie (D:6)
  A water moccasin zombie (D:6)
  5 gnoll sergeants
  4 scorpions
  A wyvern skeleton (D:6)
  14 killer bees
  2 electric eels
  10 howler monkeys
  A centaur zombie (D:6)
  2 bullfrog zombies (D:6)
  12 hounds
  4 gnoll shamans
  12 orc priests
  2 centaur skeletons
  2 jellies
  4 iguanas
  19 orc wizards
  2 howler monkey zombies
  A howler monkey skeleton (D:4)
  7 adders
  11 gnolls
  4 shadow imps
  2 white imps
  An adder skeleton (D:5)
  2 worms
  4 dart slugs
  35 orcs
  9 bats
  10 endoplasms
  A giant cockroach (D:1)
  10 hobgoblins
  15 kobolds
  3 quokkas
  7 ball pythons
  7 frilled lizards
  8 goblins
  7 rats
  A bush (Lair:6)
  A fungus (Lair:6)
499 creatures vanquished.

Vanquished Creatures (others)
  54 fungi
  101 plants
  12 withered plants
167 creatures vanquished.

Grand Total: 666 creatures vanquished

Notes
Turn   | Place    | Note
-------+----------+-------------------------------------------
     0 | D:1      | zeram the Hill Orc Fighter began the quest for the Orb.
     0 | D:1      | Reached XP level 1. HP: 19/19 MP: 1/1
   180 | D:1      | Reached XP level 2. HP: 10/27 MP: 2/2
   390 | D:1      | Reached skill level 3 in Axes
   807 | D:1      | Reached XP level 3. HP: 33/33 MP: 3/3
  1817 | D:2      | Found a faded altar of an unknown god.
  2310 | D:2      | Reached XP level 4. HP: 40/40 MP: 4/4
  2582 | D:2      | Reached skill level 4 in Axes
  2711 | D:3      | Reached XP level 5. HP: 26/46 MP: 5/5
  3203 | D:3      | Found a stormy altar of Qazlal.
  3205 | D:3      | Noticed a fire elemental
  3211 | D:3      | Noticed a water elemental
  3225 | D:3      | Noticed an air elemental
  3499 | D:4      | Reached skill level 5 in Axes
  3775 | D:4      | Noticed a centaur
  3779 | D:4      | Killed a centaur
  3780 | D:4      | Reached XP level 6. HP: 35/53 MP: 6/6
  3944 | D:4      | Noticed a steam dragon
  3953 | D:4      | Killed a steam dragon
  3954 | D:4      | Reached skill level 6 in Axes
  3954 | D:4      | Reached skill level 1 in Dodging
  3970 | D:4      | Identified a scroll of acquirement
  3970 | D:4      | Acquired the +6 broad axe "Xamiq" {vorpal, Will+ rCorr
                  | SInv}
  4196 | D:4      | Reached XP level 7. HP: 52/60 MP: 7/7
  4301 | D:4      | Reached skill level 5 in Armour
  4575 | D:5      | Entered Level 5 of the Dungeon
  4592 | D:5      | Identified the amulet of Idealism {Will+ Regen+ Int+4
                  | Dex+4}
  4641 | D:5      | Reached skill level 7 in Axes
  4740 | D:5      | Reached skill level 5 in Shields
  4887 | D:5      | Found a staircase to the Ecumenical Temple.
  4942 | Temple   | Entered the Ecumenical Temple
  5256 | D:3      | Became a worshipper of Qazlal Stormbringer
  5294 | D:5      | Reached skill level 5 in Fighting
  5294 | D:5      | Reached skill level 8 in Axes
  5294 | D:5      | Reached XP level 8. HP: 68/68 MP: 8/8
  5864 | D:5      | Reached skill level 9 in Axes
  5962 | D:6      | Reached skill level 10 in Axes
  5963 | D:6      | Reached XP level 9. HP: 75/75 MP: 9/9
  5974 | D:6      | Reached * piety under Qazlal
  6068 | D:6      | Reached skill level 11 in Axes
  6108 | D:6      | Noticed a two-headed ogre
  6120 | D:6      | Killed a two-headed ogre
  6121 | D:6      | Reached skill level 12 in Axes
  6121 | D:6      | Reached XP level 10. HP: 45/86 MP: 10/10
  6318 | D:6      | Found a broken altar of Ashenzari.
  6348 | D:6      | Noticed Grinder
  6356 | D:6      | Killed Grinder
  6356 | D:6      | Reached ** piety under Qazlal
  6501 | D:6      | Reached skill level 13 in Axes
  6932 | D:7      | Reached *** piety under Qazlal
  7099 | D:7      | Identified the +1 pair of gloves of Etzixkem {rCorr Int+5
                  | Dex+4}
  7493 | D:8      | Noticed Prince Ribbit
  7500 | D:8      | Killed Prince Ribbit
  7579 | D:8      | Found a staircase to the Lair.
  7587 | D:8      | Reached skill level 14 in Axes
  7607 | D:8      | Reached XP level 11. HP: 64/95 MP: 11/11
  7615 | D:8      | Reached **** piety under Qazlal
  7912 | D:9      | Noticed Grum
  7916 | D:9      | Killed Grum
  8060 | D:9      | Noticed a centaur warrior
  8068 | D:9      | Killed a centaur warrior
  8263 | D:8      | Found a burning altar of Makhleb.
  8348 | D:8      | Found a hazy altar of Hepliaklqana.
  8432 | D:8      | Reached skill level 15 in Axes
  9223 | D:10     | Entered Level 10 of the Dungeon
  9223 | D:10     | Noticed a two-headed ogre
  9385 | Lair:1   | Entered Level 1 of the Lair of Beasts
  9558 | Lair:1   | Reached ***** piety under Qazlal
  9590 | Lair:1   | Reached XP level 12. HP: 91/106 MP: 12/12
  9596 | Lair:1   | Reached skill level 16 in Axes
  9604 | Lair:1   | Noticed Sonja
  9606 | Lair:1   | Noticed an eight-headed hydra
  9610 | Lair:1   | Killed Sonja
  9646 | D:8      | Acquired 567 gold pieces
  9650 | D:8      | Acquired a manual of Armour
  9733 | D:8      | Killed an eight-headed hydra
  9778 | Lair:1   | Reached skill level 10 in Shields
  9815 | Lair:1   | Reached skill level 10 in Fighting
 10617 | Lair:2   | Reached skill level 10 in Armour
 11117 | Lair:3   | Noticed a five-headed hydra
 11121 | Lair:3   | Noticed a catoblepas
 11140 | Lair:2   | Killed a five-headed hydra
 11198 | Lair:3   | Killed a catoblepas
 11199 | Lair:3   | Reached skill level 17 in Axes
 11214 | Lair:3   | Reached XP level 13. HP: 110/115 MP: 13/13
 11472 | Lair:3   | Found a staircase to the Swamp.
 12180 | Lair:4   | Found a staircase to the Snake Pit.
 12290 | Lair:4   | Reached skill level 18 in Axes
 13661 | Lair:6   | Entered Level 6 of the Lair of Beasts
 13684 | Lair:6   | Reached ****** piety under Qazlal
 13895 | Lair:6   | Reached XP level 14. HP: 127/127 MP: 14/14
 14147 | Lair:6   | Found a corrupted altar of Lugonu.
 14147 | Lair:6   | Found a one-way gate to the infinite horrors of the Abyss.
 14798 | Lair:6   | Found a viscous altar of Jiyva.
 14798 | Lair:6   | Found a staircase to the Slime Pits.
 15097 | Snake:1  | Entered Level 1 of the Snake Pit
 15097 | Snake:1  | Noticed Aizul
 15120 | Snake:1  | Killed Aizul
 15121 | Snake:1  | HP: 4/193 [poisoned by Aizul (bolt of poison)]
 15122 | Snake:1  | Succumbed to Aizul's bolt of poison

Illustrated notes

Levels and vault maps discovered:
D:1:      elethiomel_arrival_shortcut, layout_loops_cross, minivault_5,
          chequers_hall_statues_y, minmay_misc_feat_five
D:2:      layout_loops_corners, ebering_ecumenical_altar_petrified,
          lexackson_kobold_supper
D:3:      layout_rooms, nicolae_overflow_hidden_temple,
          nicolae_qazlal_style_of_elements,
          hangedman_abyss_or_decor_lesser_grid, dk_vineyard_2, minmay_between
D:4:      layout_gridville, kennysheep_doodads
D:5:      layout_basic, minmay_temple_entry_arrows,
          minmay_fractal_squares_gapless_5
D:6:      lemuel_castle_with_subvaults [lemuel_castle_interior_carwin_1],
          layout_rooms, kennysheep_mini_moat, serial_undead, serial_undead_c,
          serial_undead_b, serial_undead_b, serial_undead_c, uniq_grinder
D:7:      layout_rooms, grunt_ministairs_11
D:8:      layout_loops_ring, nzn_hepliaklqana_mist_gate,
          makhleb_blood_cavern_becter, due_lair_maze_entry_diamond,
          uniq_prince_ribbit1
D:9:      minmay_bubble_buster, layout_irregular_city, uniq_grum
D:10:     layout_irregular_city, hangedman_decor_riveting, st_stairs_1
Temple:   oiseaux_autumnal_temple
Lair:1:   layout_cave_shapes, beast_lair_carwin_6, serial_bayou_shore_a,
          grunt_megastairs_5, uniq_sonja
Lair:2:   layout_gridlike, infiniplex_staircase_pool_2
Lair:3:   layout_cave_pods, nicolae_swamp_entry_splash_gauntlet,
          grunt_megastairs_2, lemuel_fruit_fields
Lair:4:   layout_loops_ring, minmay_snake_entry_spellcaster,
          chequers_serial_rivers_small_b
Lair:5:   layout_concentric_octagons, grunt_megastairs_1
Lair:6:   hellmonk_lair_end_abyssal_woods, layout_layer_cave,
          dpeg_slime_entry_enclosed_altar, chequers_serial_rivers_micro_e
Snake:1:  layout_grid_maze, serial_shops, nicolae_lakefront_shop, shop,
          shop_fountains, shop, shop, basic_altar, uniq_aizul

Skill      XL: |  1  2  3  4  5  6  7  8  9 10 11 12 13 14 |
---------------+-------------------------------------------+-----
Axes           | 3 4 5 6 8 10 12 14 15 17 18 | 18.8
Armour         | 4 5 6 7 8 10 11 13 | 13.0
Fighting       | 4 5 7 8 9 10 12 13 | 13.0
Shields        | 4 5 6 7 9 11 12 13 | 13.7
Dodging        | 1 2 3 |  3.8

Action                   |  1- 3 |  4- 6 |  7- 9 | 10-12 | 13-15 || total
-------------------------+-------+-------+-------+-------+-------++-------
Melee: War axe           |   150 |    99 |       |       |       ||   249
       Hand axe          |       |    31 |       |       |       ||    31
       Broad axe         |       |     8 |   147 |   413 |   313 ||   881
       Spear             |       |       |       |    27 |    93 ||   120
  Use: Scroll            |     4 |     5 |     2 |    17 |     8 ||    36
       Potion            |     1 |       |     1 |     5 |     2 ||     9
 Stab: Invisible         |       |       |       |     4 |       ||     4
Armor: Scale mail        |    75 |    68 |    41 |    60 |       ||   244
       Plate armour      |       |       |       |    75 |    64 ||   139
Dodge: Dodged            |    50 |    58 |    39 |   137 |    57 ||   341
       Repelled          |       |       |       |     1 |     9 ||    10
Block: Kite shield       |    89 |    97 |    87 |   403 |   300 ||   976
